 Dungeon Crawl Stone Soup version 0.24.0-37-gcf1ca852f1 (webtiles) character file.

Game seed: 7066725286664652431, levelgen mode: deterministic

34520 KeeTraxx the Thaumaturge (level 13, -3/91 HPs)
             Began as a Gnoll Skald on Nov 22, 2019.
             Was a High Priest of Hepliaklqana.
             Slain by an entropy weaver (15 damage)
             ... on level 4 of the Lair of Beasts.
             The game lasted 00:55:10 (14855 turns).

KeeTraxx the Thaumaturge (Gnoll Skald)             Turns: 14855, Time: 00:55:11

Health: -3/91      AC:  4    Str: 15    XL:     13   Next: 77%
Magic:  24/26      EV: 16    Int: 20    God:    Hepliaklqana [*****.]
Gold:   608        SH:  7    Dex: 14    Spells: 18/31 levels left

rFire    + . .     SeeInvis .   S - +2 broad axe (elec)
rCold    . . .     Gourm    .   w - +0 buckler
rNeg     . . .     Faith    .   M - +1 leather armour {MR+}
rPois    .         Spirit   .   O - +2 helmet
rElec    .         Reflect  +   Y - scarf {repulsion}
rCorr    .         Harm     .   F - +0 pair of gloves
MR       +....                  K - +2 pair of boots
Stlth    +++.......             j - +2 amulet of reflection
HPRegen  0.25/turn              z - ring of wizardry
MPRegen  0.20/turn              Z - ring of protection from fire

@: corroded, heavily drained, repel missiles
A: distributed training, reduced essence, fangs 1, strong nose
a: Recall Ancestor, Ancestor Identity, Transference, Idealise, Renounce Religion


You were on level 4 of the Lair of Beasts.
You worshipped Hepliaklqana.
Hepliaklqana was extremely pleased with you.
You were hungry.

You visited 2 branches of the dungeon, and saw 16 of its levels.

You collected 895 gold pieces.
You spent 287 gold pieces at shops.

Inventory:

Hand Weapons
 I - a +3 trident of piercing
 S - a +2 broad axe of electrocution (weapon)
Missiles
 g - 17 boomerangs (quivered)
 t - 15 javelins
 u - 35 poisoned darts
 G - 3 throwing nets
Armour
 a - a +1 ring mail of cold resistance
 w - a +0 buckler (worn)
 F - a +0 pair of gloves (worn)
 K - a +2 pair of boots (worn)
 M - a +1 leather armour of magic resistance (worn)
 O - a +2 helmet (worn)
 Q - a +0 troll leather armour
 V - the cursed +0 ring mail of Quantum Leap {rElec rN+ Int+2}
   (You found it on level 1 of the Lair of Beasts)

   It affects your intelligence (+2).
   It insulates you from electricity.
   It protects you from negative energy.
   It has a curse placed upon it.
 Y - a scarf of repulsion (worn)
Jewellery
 h - an uncursed ring of positive energy
 j - a +2 amulet of reflection (around neck)
 s - an uncursed ring of magical power
 z - a ring of wizardry (left hand)
 U - a +1 ring of protection
 X - an uncursed ring of protection from magic
 Z - a ring of protection from fire (right hand)
Wands
 i - a wand of disintegration (12)
 m - a wand of polymorph (15)
 q - a wand of flame (47)
 J - a wand of acid (25)
Scrolls
 f - a scroll of holy word {unknown}
 n - 5 scrolls of remove curse
 p - 6 scrolls of teleportation
 v - a scroll of fog
 y - 2 scrolls of enchant weapon
 B - 6 scrolls of identify
 L - a scroll of summoning
 N - 6 scrolls of amnesia
Potions
 c - 2 potions of heal wounds
 e - 9 potions of curing
 k - a potion of cancellation
 l - a potion of berserk rage
 o - 2 potions of flight
 r - 3 potions of agility
 x - a potion of lignification
 A - 2 potions of brilliance
 C - 2 potions of haste
 D - 2 potions of resistance
 E - 4 potions of mutation
 H - 2 potions of invisibility
 P - a potion of ambrosia {unknown}
 R - a potion of might
Comestibles
 d - 37 rations


   Skills:
 + Level 9.6(6.9) Fighting
 + Level 8.4(5.8) Short Blades
 + Level 8.4(5.8) Long Blades
 + Level 8.4(5.8) Axes
 + Level 8.4(5.8) Maces & Flails
 + Level 9.6(6.9) Polearms
 + Level 8.4(5.8) Staves
 + Level 8.4(5.8) Slings
 + Level 8.4(5.8) Bows
 + Level 8.4(5.8) Crossbows
 + Level 8.4(5.8) Throwing
 + Level 8.9(6.2) Armour
 + Level 9.6(6.9) Dodging
 + Level 8.4(5.8) Stealth
 + Level 8.4(5.8) Shields
 + Level 8.4(5.8) Unarmed Combat
 + Level 9.8(7.1) Spellcasting
 + Level 7.0(4.5) Conjurations
 + Level 7.0(4.5) Hexes
 + Level 9.0(6.3) Charms
 + Level 7.0(4.5) Summonings
 + Level 7.0(4.5) Necromancy
 + Level 7.0(4.5) Translocations
 + Level 7.0(4.5) Transmutations
 + Level 7.0(4.5) Fire Magic
 + Level 7.0(4.5) Ice Magic
 + Level 7.0(4.5) Air Magic
 + Level 7.0(4.5) Earth Magic
 + Level 7.0(4.5) Poison Magic
 + Level 9.2(6.5) Invocations
 + Level 8.4(5.8) Evocations


You had 18 spell levels left.
You knew the following spells:

 Your Spells              Type           Power        Failure   Level  Hunger
a - Song of Slaying       Chrm           ####....     1%          2    None
b - Regeneration          Chrm/Necr      ####......   1%          3    #......
c - Spectral Weapon       Hex/Chrm       ####....     1%          3    #......
d - Bolt of Draining      Conj/Necr      ####......   19%         5    #####..

Your spell library contained the following spells:

 Spells                   Type           Power        Failure   Level  Hunger
 Freeze                   Ice            ####         1%          1    None
 Infusion                 Chrm           ####         1%          1    None
 Magic Dart               Conj           ####         1%          1    None
 Corpse Rot               Necr           N/A          1%          2    None
 Searing Ray              Conj           ####..       1%          2    None
 Shroud of Golubria       Chrm/Tloc      ####..       1%          2    None
 Sublimation of Blood     Necr           ####......   1%          2    None
 Throw Frost              Conj/Ice       ####..       1%          2    None
 Ozocubu's Armour         Chrm/Ice       ####....     1%          3    #......
 Dazzling Spray           Conj/Hex       ####..       2%          3    #......
 Force Lance              Conj/Tloc      ####....     7%          4    ###....
 Fulminant Prism          Conj/Hex       ####......   7%          4    ###....
 Iskenderun's Mystic Bla  Conj           ####....     7%          4    ###....
 Summon Ice Beast         Ice/Summ       ####....     7%          4    ###....
 Throw Icicle             Conj/Ice       ####....     7%          4    ###....
 Excruciating Wounds      Chrm/Necr      ####......   13%         5    #####..
 Agony                    Necr           ####....     19%         5    #####..
 Dispel Undead            Necr           ####....     19%         5    #####..


Dungeon Overview and Level Annotations

Branches:
Dungeon (11/15)            Temple (0/1) D:7            Lair (5/6) D:9
 Shoals (0/4) Lair:3        Snake (0/4) Lair:4          Orc (0/2) D:11
  Slime: Lair:5-6

Altars:
Ashenzari
Hepliaklqana
Xom

Shops:
D:5 [   D:11 !

Annotations:
D:2 Sigmund
Lair:3 2 runed translucent doors, Sadonosm's ghost, journeyman DgSk
Lair:5 exclusion: 4 oklob plants


Innate Abilities, Weirdness & Mutations

Your experience applies equally to all skills.
You have very sharp teeth.
Your uncanny sense of smell can sniff out nearby items.
Your life essence is reduced to manifest your ancestor. (-10% HP)


Message History

You bite the entropy weaver, but do no damage.
The entropy weaver is moderately wounded.
You block the entropy weaver's attack.
The entropy weaver hits you but does no damage.
The entropy weaver barely misses you. The entropy weaver hits you!
Atia hits the entropy weaver with a +0 flail!
You hit the entropy weaver but do no damage.
The entropy weaver is heavily wounded.
The entropy weaver gestures wildly while chanting.
The entropic weave corrodes you! The entropy weaver hits you!
The entropy weaver hits you. The entropy weaver hits you!
* * * LOW HITPOINT WARNING * * *
The entropy weaver hits you!
* * * LOW HITPOINT WARNING * * *
Atia misses the entropy weaver.
You closely miss the entropy weaver.
The entropy weaver is heavily wounded.
The entropy weaver hits you but does no damage.
You block the entropy weaver's attack. The entropy weaver hits you!
You die...

........................#
........................#
....##......#....P...#..#
..####..#...##...#...#..#
..## #.......##...#..#..#
...#################....#
...##..............#.#..#
...##.############.#.#..#
..###.# .......a@#.#....#
...##.# ########R#.#.#..#
...##.# ∆∆∆∆∆ #(#.#....#
..###.# ∆#.#.#..P.#
..###.# ∆#.#.#.PP.#
..P##.##########.#.#....#
...##............#.#....##
....##############'#.#...#
.....................#...#


You could see the friendly Atia the knight, an entropy weaver and a friendly
spectral +2 broad axe of electrocution.

Vanquished Creatures
  An entropy weaver (Lair:4)
  2 ghost crabs (Lair:4)
  4 fire crabs (Lair:4)
  Pikel (D:6)
  An ugly thing (D:11)
  An elephant (D:9)
  A centaur zombie (D:10)
  A black mamba (Lair:2)
  A merfolk siren (Lair:3)
  5 spiny frogs
  A kobold demonologist (D:8)
  A komodo dragon (Lair:2)
  2 trolls
  A queen bee (D:11)
  4 polar bears (Lair:3)
  5 slime creatures (D:10)
  10 hippogriffs
  8 blink frogs
  A wyvern (D:8)
  3 fire bats (Lair:4)
  Grum (D:9)
  4 basilisks
  23 yaks
  3 wargs (D:11)
  A soldier ant (D:11)
  9 water moccasins
  A naga (Lair:4)
  5 porcupines
  5 orc warriors
  6 black bears
  3 ice beasts
  2 sky beasts (D:8)
  2 phantoms
  6 wolves
  11 ogres
  4 centaurs
  10 crocodiles
  3 big kobolds
  16 bullfrogs
  A gnoll sergeant (D:8)
  2 wyvern zombies
  A wyvern skeleton (D:6)
  4 scorpions
  16 killer bees
  An electric eel (D:9)
  3 howler monkeys (D:8)
  4 crimson imps
  2 bullfrog zombies
  7 hounds
  4 orc priests
  A bullfrog skeleton (D:7)
  5 jellies
  9 orc wizards
  A centaur skeleton (D:10)
  Natasha (twice) (D:4)
  8 worker ants
  A hound zombie (D:5)
  4 hound skeletons
  A worker ant zombie (D:9)
  7 gnolls
  13 adders
  A howler monkey skeleton (D:11)
  3 oozes
  An adder zombie (D:6)
  A worm (D:2)
  A dart slug (D:5)
  6 leopard geckos
  51 orcs
  5 bats
  10 giant cockroaches
  7 goblins
  A hobgoblin (D:1)
  6 jackals
  7 quokkas
  2 ball pythons
  9 frilled lizards
  9 kobolds
  6 rats
  A fungus (Lair:5)
  A plant (Lair:5)
394 creatures vanquished.

Vanquished Creatures (collateral kills)
  A hydra (Lair:4)
  Harold (D:9)
  A fire crab (Lair:4)
  An oklob plant (Lair:5)
  A polar bear (Lair:3)
  A blink frog (Lair:4)
  A hippogriff (D:11)
  4 yaks
  A wyvern (Lair:2)
  A naga (Lair:4)
  A warg (D:11)
  2 water moccasins
  A porcupine (Lair:4)
  An orc warrior (D:11)
  A black bear (Lair:3)
  A sky beast (D:11)
  A wolf (D:9)
  A crocodile (Lair:1)
  2 bullfrogs (Lair:1)
  6 killer bees (D:11)
  An orc priest (D:11)
  An iguana (D:11)
  An orc wizard (D:11)
  3 worker ants
  An adder (D:11)
  4 orcs
  3 kobolds (D:10)
44 creatures vanquished.

Vanquished Creatures (others)
  A cyclops (D:11)
  A scorpion (D:6)
  An iguana (D:6)
  6 knights
  A worker ant (D:6)
  A fungus (Lair:4)
  12 spectral weapons
23 creatures vanquished.

Grand Total: 461 creatures vanquished

Notes
Turn   | Place    | Note
-------+----------+-------------------------------------------
     0 | D:1      | KeeTraxx the Gnoll Skald began the quest for the Orb.
     0 | D:1      | Reached XP level 1. HP: 20/20 MP: 6/6
    85 | D:1      | Reached XP level 2. HP: 26/26 MP: 4/7
   773 | D:2      | Reached XP level 3. HP: 31/31 MP: 9/9
   813 | D:2      | Reached skill level 5 in Spellcasting
   833 | D:2      | Learned a level 3 spell: Regeneration
   837 | D:2      | Learned a level 3 spell: Spectral Weapon
   948 | D:2      | Reached skill level 1 in Invocations
  1057 | D:2      | Noticed Sigmund
  1617 | D:3      | Reached skill level 1 in Short Blades
  1617 | D:3      | Reached skill level 1 in Long Blades
  1617 | D:3      | Reached skill level 1 in Axes
  1617 | D:3      | Reached skill level 1 in Maces & Flails
  1617 | D:3      | Reached skill level 1 in Staves
  1617 | D:3      | Reached skill level 1 in Slings
  1617 | D:3      | Reached skill level 1 in Bows
  1617 | D:3      | Reached skill level 1 in Crossbows
  1617 | D:3      | Reached skill level 1 in Throwing
  1617 | D:3      | Reached skill level 1 in Stealth
  1617 | D:3      | Reached skill level 1 in Shields
  1617 | D:3      | Reached skill level 1 in Unarmed Combat
  1617 | D:3      | Reached skill level 1 in Evocations
  1648 | D:3      | Reached XP level 4. HP: 38/38 MP: 11/11
  1844 | D:3      | Reached skill level 1 in Conjurations
  1844 | D:3      | Reached skill level 1 in Hexes
  1844 | D:3      | Reached skill level 1 in Summonings
  1844 | D:3      | Reached skill level 1 in Necromancy
  1844 | D:3      | Reached skill level 1 in Translocations
  1844 | D:3      | Reached skill level 1 in Transmutations
  1844 | D:3      | Reached skill level 1 in Fire Magic
  1844 | D:3      | Reached skill level 1 in Ice Magic
  1844 | D:3      | Reached skill level 1 in Air Magic
  1844 | D:3      | Reached skill level 1 in Earth Magic
  1844 | D:3      | Reached skill level 1 in Poison Magic
  2101 | D:3      | Reached XP level 5. HP: 43/43 MP: 12/12
  2542 | D:4      | Noticed an ogre
  2548 | D:4      | Killed an ogre
  2548 | D:4      | Reached XP level 6. HP: 31/50 MP: 11/13
  2618 | D:4      | Noticed Natasha
  2629 | D:4      | Killed Natasha
  2700 | D:4      | Reached skill level 5 in Fighting
  2700 | D:4      | Reached skill level 5 in Polearms
  2700 | D:4      | Reached skill level 5 in Dodging
  2843 | D:4      | Reached XP level 7. HP: 56/56 MP: 15/15
  3245 | D:4      | Noticed Natasha
  3251 | D:4      | Killed Natasha
  3326 | D:5      | Entered Level 5 of the Dungeon
  3428 | D:5      | Found Mokile's Antique Armour Emporium.
  3434 | D:5      | Bought a pair of glowing boots for 157 gold pieces
  3457 | D:5      | Reached XP level 8. HP: 55/63 MP: 15/16
  4228 | D:6      | Found a shimmering altar of Xom.
  4330 | D:6      | Reached XP level 9. HP: 67/69 MP: 18/18
  4587 | D:6      | You fall into a shaft and drop 1 floor!
  4669 | D:7      | Found a hazy altar of Hepliaklqana.
  4703 | D:7      | Became a worshipper of Hepliaklqana the Forgotten
  5022 | D:6      | Noticed Pikel
  5030 | D:6      | Killed Pikel
  5030 | D:6      | Reached skill level 5 in Armour
  5388 | D:7      | Found a staircase to the Ecumenical Temple.
  5659 | D:8      | Reached * piety under Hepliaklqana
  5660 | D:8      | Reached skill level 5 in Invocations
  6019 | D:8      | Reached XP level 10. HP: 69/69 MP: 20/20
  6087 | D:8      | Reached skill level 5 in Short Blades
  6087 | D:8      | Reached skill level 5 in Long Blades
  6087 | D:8      | Reached skill level 5 in Axes
  6087 | D:8      | Reached skill level 5 in Maces & Flails
  6087 | D:8      | Reached skill level 5 in Staves
  6087 | D:8      | Reached skill level 5 in Slings
  6087 | D:8      | Reached skill level 5 in Bows
  6087 | D:8      | Reached skill level 5 in Crossbows
  6087 | D:8      | Reached skill level 5 in Throwing
  6087 | D:8      | Reached skill level 5 in Stealth
  6087 | D:8      | Reached skill level 5 in Shields
  6087 | D:8      | Reached skill level 5 in Unarmed Combat
  6087 | D:8      | Reached skill level 5 in Evocations
  6210 | D:8      | Noticed a kobold demonologist
  6216 | D:8      | Noticed a soul eater
  6219 | D:8      | Killed a kobold demonologist
  6694 | D:9      | Noticed an elephant
  6753 | D:9      | Killed an elephant
  6766 | D:9      | Reached ** piety under Hepliaklqana
  6768 | D:9      | Remembered your ancestor Atia as a knight
  6790 | D:9      | Noticed Harold
  6825 | D:9      | Killed Harold
  6883 | D:9      | Noticed Grum
  6890 | D:9      | Killed Grum
  7037 | D:9      | Identified the cursed +1 leather armour of the Chupacabra
                  | {SInv}
  7063 | D:9      | Found a staircase to the Lair.
  7092 | D:9      | Reached XP level 11. HP: 75/75 MP: 22/22
  7436 | D:10     | Entered Level 10 of the Dungeon
  7677 | D:10     | Reached skill level 5 in Conjurations
  7677 | D:10     | Reached skill level 5 in Hexes
  7677 | D:10     | Reached skill level 5 in Summonings
  7677 | D:10     | Reached skill level 5 in Necromancy
  7677 | D:10     | Reached skill level 5 in Translocations
  7677 | D:10     | Reached skill level 5 in Transmutations
  7677 | D:10     | Reached skill level 5 in Fire Magic
  7677 | D:10     | Reached skill level 5 in Ice Magic
  7677 | D:10     | Reached skill level 5 in Air Magic
  7677 | D:10     | Reached skill level 5 in Earth Magic
  7677 | D:10     | Reached skill level 5 in Poison Magic
  7826 | D:10     | Noticed Psyche
  7827 | D:10     | Noticed Psyche
  7827 | D:10     | Psyche changed into Psyche the wolf
  7830 | D:10     | Killed Psyche the wolf
  8016 | D:10     | Reached *** piety under Hepliaklqana
  8105 | D:10     | Learned a level 2 spell: Song of Slaying
  8115 | D:10     | Noticed Erolcha
  8237 | D:10     | Noticed Erolcha
  8237 | D:10     | Erolcha changed into Erolcha the ice beast
  8242 | D:10     | Killed Erolcha the ice beast
  8438 | D:11     | Noticed a cyclops
  8446 | D:11     | Killed a cyclops
  8479 | D:11     | Noticed a brown ugly thing
  8487 | D:11     | Killed a brown ugly thing
  8519 | D:10     | HP: 3/77 [slime creature (12)]
  8761 | D:11     | Found Apnylif's Distillery.
  8773 | D:11     | Bought 2 potions of heal wounds for 130 gold pieces
  8833 | D:11     | Found a staircase to the Orcish Mines.
  8851 | D:11     | Reached XP level 12. HP: 81/83 MP: 22/24
  9367 | Lair:1   | Entered Level 1 of the Lair of Beasts
  9378 | Lair:1   | Got a jewelled ring mail
  9394 | Lair:1   | Identified the cursed +0 ring mail of Quantum Leap {rElec
                  | rN+ Int+2} (You found it on level 1 of the Lair of Beasts)
  9953 | Lair:1   | Reached **** piety under Hepliaklqana
 10611 | Lair:2   | Found a shattered altar of Ashenzari.
 11161 | Lair:3   | You fall into a shaft and drop 2 floors!
 11179 | Lair:5   | Reached ***** piety under Hepliaklqana
 11532 | Lair:5   | Reached XP level 13. HP: 53/90 MP: 23/26
 11717 | Lair:4   | Found a runed translucent door.
 11864 | Lair:4   | Found a staircase to the Snake Pit.
 12049 | Lair:3   | Learned a level 5 spell: Bolt of Draining
 12077 | Lair:3   | Found a large runed translucent door.
 12077 | Lair:3   | Found a large runed translucent door.
 12079 | Lair:3   | Noticed Sadonosm's ghost (journeyman DgSk)
 12560 | Lair:3   | Found a staircase to the Shoals.
 13545 | Lair:4   | Noticed an entropy weaver
 13572 | Lair:4   | Killed an entropy weaver
 14843 | Lair:4   | Noticed an entropy weaver
 14855 | Lair:4   | Slain by an entropy weaver

Levels and vault maps discovered:
D:1:      psy_arrival_radial01, layout_rooms, minmay_pentomino_r4
D:2:      layout_basic, makhleb_grotto_becter, uniq_sigmund
D:3:      layout_loops_ring
D:4:      layout_gridville, uniq_natasha
D:5:      layout_basic, serial_shops, nicolae_shop_trees, first_ration,
          kennysheep_dice
D:6:      layout_cave_pods, hangedman_decor_push, xom_confusion_cloud,
          uniq_pikel
D:7:      layout_basic, minmay_temple_entry_antechambers, basic_altar
D:8:      layout_basic, nicolae_two_hexagons
D:9:      layout_basic, david_lair_generic, uniq_harold, uniq_grum
D:10:     layout_basic, uniq_psyche, uniq_erolcha
D:11:     layout_big_octagon, minmay_orc_entry_guard_dogs, serial_shops, shop,
          david_nohive_1, hangedman_decor_opposing, minivault_25_ag
Lair:1:   layout_big_grid, columned_hall_lemuel, beast_lair_carwin_4
Lair:2:   layout_cave_pods, basic_altar
Lair:3:   beast_lair_carwin_large_3, layout_layer_cave,
          minmay_shoals_entry_lonely_mermaid, ebering_ghost_disaster_area,
          chequers_serial_rivers_micro_e
Lair:4:   gammafunk_mikee_crab_dinner, layout_long_grid,
          guppyfry_snake_entry_garden, nicolae_volcano_entry_batcave
Lair:5:   dpeg_oklob_shooting_range, layout_hall_layers,
          minmay_lair_oklob_chamber

Skill      XL: |  1  2  3  4  5  6  7  8  9 10 11 12 13 |
---------------+----------------------------------------+-----
Spellcasting   | 5 6 7 8 9 |  9.8
Invocations    | 1 2 3 4 5 6 7 8 9 |  9.2
Short Blades   | 1 2 3 4 5 6 7 8 |  8.4
Long Blades    | 1 2 3 4 5 6 7 8 |  8.4
Axes           | 1 2 3 4 5 6 7 8 |  8.4
Maces & Flails | 1 2 3 4 5 6 7 8 |  8.4
Staves         | 1 2 3 4 5 6 7 8 |  8.4
Slings         | 1 2 3 4 5 6 7 8 |  8.4
Bows           | 1 2 3 4 5 6 7 8 |  8.4
Crossbows      | 1 2 3 4 5 6 7 8 |  8.4
Throwing       | 1 2 3 4 5 6 7 8 |  8.4
Stealth        | 1 2 3 4 5 6 7 8 |  8.4
Shields        | 1 2 3 4 5 6 7 8 |  8.4
Unarmed Combat | 1 2 3 4 5 6 7 8 |  8.4
Evocations     | 1 2 3 4 5 6 7 8 |  8.4
Conjurations   | 1 2 3 4 5 6 7 |  7.0
Hexes          | 1 2 3 4 5 6 7 |  7.0
Summonings     | 1 2 3 4 5 6 7 |  7.0
Necromancy     | 1 2 3 4 5 6 7 |  7.0
Translocations | 1 2 3 4 5 6 7 |  7.0
Transmutations | 1 2 3 4 5 6 7 |  7.0
Fire Magic     | 1 2 3 4 5 6 7 |  7.0
Ice Magic      | 1 2 3 4 5 6 7 |  7.0
Air Magic      | 1 2 3 4 5 6 7 |  7.0
Earth Magic    | 1 2 3 4 5 6 7 |  7.0
Poison Magic   | 1 2 3 4 5 6 7 |  7.0
Armour         | 3 4 5 6 7 8 |  8.9
Fighting       | 5 6 7 8 9 |  9.6
Polearms       | 5 6 7 8 9 |  9.6
Dodging        | 5 6 7 8 9 |  9.6
Charms         | 6 7 8 9 |  9.0

Action                   |  1- 3 |  4- 6 |  7- 9 | 10-12 | 13-15 || total
-------------------------+-------+-------+-------+-------+-------++-------
Melee: Spear             |   121 |    73 |       |       |       ||   194
       Bite              |     7 |    13 |    20 |    46 |    15 ||   101
       Trident           |       |    41 |   228 |   230 |       ||   499
       Punch             |       |     1 |     2 |       |       ||     3
       Broad axe         |       |       |       |   231 |   134 ||   365
Throw: Boomerang         |     3 |    13 |     3 |    48 |    12 ||    79
 Cast: Infusion          |     7 |     1 |     1 |       |       ||     9
       Spectral Weapon   |       |    12 |    45 |    69 |    25 ||   151
       Regeneration      |       |     5 |     1 |    30 |    24 ||    60
       Song of Slaying   |       |       |       |     6 |     2 ||     8
       Bolt of Draining  |       |       |       |       |     3 ||     3
Invok: Ancestor Life: Kn |       |       |       |     1 |       ||     1
       Ancestor Identity |       |       |       |     1 |       ||     1
       Recall Ancestor   |       |       |       |     2 |       ||     2
Evoke: Wand              |       |       |       |     3 |     5 ||     8
  Use: Scroll            |       |       |    10 |     9 |     8 ||    27
       Potion            |       |       |       |     1 |     1 ||     2
 Stab: Sleeping          |     1 |       |     7 |    10 |     3 ||    21
       Distracted        |       |       |     5 |     5 |     4 ||    14
       Held in net/web   |       |       |       |     3 |       ||     3
  Eat: Chunk             |     2 |     6 |    12 |    14 |     8 ||    42
       Ration            |       |       |       |     2 |     1 ||     3
Armor: Leather armour    |     9 |       |    35 |   118 |    60 ||   222
       Ring mail         |     9 |    25 |    19 |       |       ||    53
Dodge: Dodged            |    50 |    48 |    98 |   316 |   127 ||   639
       Deflected         |       |       |       |     2 |     1 ||     3
Block: Other             |     5 |     6 |     5 |       |       ||    16
       Reflection        |       |     1 |       |    16 |       ||    17
       Buckler           |       |       |       |   168 |    62 ||   230
